 Dungeon Crawl Stone Soup version 0.20-a0-993-gba41c3c (webtiles) character file.

226 Monsterracer the Changer (level 6, 0/45 HPs)
             Began as a Naga Transmuter on Apr 11, 2017.
             Slain by Grinder (3 damage)
             ... on level 4 of the Dungeon.
             The game lasted 00:10:49 (2966 turns).

Monsterracer the Changer (Naga Transmuter)          Turns: 2966, Time: 00:10:51

Health: 0/45       AC:  2    Str: 15    XL:     6   Next: 1%
Magic:  2/9        EV: 19    Int: 15    God:
Gold:   184        SH:  0    Dex: 18    Spells: 5/9 levels left

rFire    . . .     SeeInvis +     - Unarmed
rCold    . . .     Gourm    .   (shield currently unavailable)
rNeg     . . .     Faith    .   (armour currently unavailable)
rPois    x         Spirit   .   (helmet currently unavailable)
rElec    .         Reflect  .   (cloak currently unavailable)
rCorr    +         Harm     .   (gloves currently unavailable)
MR       .....                  (no barding)
Stlth    ++........             (no amulet)
Regen    0.2/turn               g - ring of resist corrosion
MPRegen  0.2/turn               h - +2 ring of dexterity

@: spider-form (expiring)
A: see invisible, frail 1, slow metabolism 1, spit poison 1, strong 1, AC +2
a: Spit Poison, End Transformation


You were on level 4 of the Dungeon.
You were hungry.
You were a venomous arachnid creature.
You visited 1 branch of the dungeon, and saw 4 of its levels.

You collected 184 gold pieces.

Inventory:

Missiles
 a - 22 arrows
Armour
 b - a +0 robe (melded)
 n - a +0 leather armour
Jewellery
 g - a ring of resist corrosion (left front leg)
 h - a +2 ring of dexterity (right front leg)
Wands
 j - a wand of flame (26/48)
Scrolls
 e - 5 scrolls of identify {unknown}
 k - a scroll of enchant weapon {unknown}
 l - 4 scrolls of remove curse {unknown}
 o - a scroll of blinking {unknown}
 r - a scroll of recharging {unknown}
Potions
 m - a potion of haste
 p - a potion of curing
 s - a potion of might
Books
 c - a book of Changes

   Spells                             Type                      Level
   a - Beastly Appendage              Transmutation                1
   b - Sticks to Snakes               Transmutation                2
   c - Spider Form                    Transmutation/Poison         3
   d - Ice Form                       Ice/Transmutation            4
   e - Blade Hands                    Transmutation                5
Comestibles
 d - 4 bread rations
 f - a meat ration
 i - 5 fruits


   Skills:
 - Level 1.0 Fighting
 - Level 1.6 Dodging
 + Level 4.5 Unarmed Combat
 - Level 2.0 Spellcasting
 * Level 4.9 Transmutations


You had 5 spell levels left.
You knew the following spells:

 Your Spells              Type           Power        Failure   Level  Hunger
a - Beastly Appendage     Tmut           ###...       12%         1    #......
b - Spider Form           Tmut/Pois      #.........   52%         3    ###....


Dungeon Overview and Level Annotations

Branches:
Dungeon (4/15)
 Temple: D:4-7

Altars:
Gozag
Kikubaaqudgha

Annotations:
D:3 1 exclusion
D:4 Grinder


Innate Abilities, Weirdness & Mutations

You cannot wear boots.
((Your serpentine skin is tough. (AC +2)))
You have supernaturally acute eyesight. (SInv)
((Armour fits poorly on your strangely shaped body.))
((Your system is resistant to poisons. (rPois)))
((You cover ground very slowly.))
You have a slow metabolism.
You can spit poison.
((You have a pair of small horns on your head.))
((You are partially covered in thin metallic scales. (AC +2)))
You are frail. (-10% HP)
Your muscles are strong. (Str +2)


Message History

You are feeling hungry.
Grinder gestures at you. You resist with some effort. Grinder hits you!
You writhe in agony.
You barely miss Grinder.
Grinder says, "Mostly I couldn't keep them alive."
Grinder hits you!
You writhe in agony.
* * * LOW HITPOINT WARNING * * *
You barely miss Grinder. Grinder closely misses you.
You barely miss Grinder. Grinder completely misses you.
You hit Grinder but do no damage.
Grinder is poisoned.
Grinder gestures at you.
You struggle to resist.
You barely miss Grinder.
Grinder is lightly wounded.
Your transformation is almost over.
Grinder hits you!
* * * LOW HITPOINT WARNING * * *
You writhe in agony.
You die...

###...##..#..
+...........#
#...........#
#%..........#
#...........#
#...........#
#...........#
#.....s5....#
#+##..##...##
###.###'##...##
#.............#
#.............#
+.......#.....#
#.............#
#.....#.#.....#
#......#.....##


You could see Grinder.

Vanquished Creatures
  An orc wizard (D:3)
  A bullfrog skeleton (D:4)
  5 gnolls
  4 adders
  3 dart slugs
  A leopard gecko (D:1)
  2 orcs (D:3)
  4 giant cockroaches
  11 goblins
  12 hobgoblins
  4 jackals (D:3)
  A quokka (D:3)
  A ball python (D:1)
  8 bats
  5 frilled lizards
  11 kobolds
  A quokka skeleton (D:4)
  7 rats
82 creatures vanquished.

Vanquished Creatures (others)
  A bat (D:1)
1 creature vanquished.

Grand Total: 83 creatures vanquished

Notes
Turn   | Place    | Note
-------+----------+-------------------------------------------
     0 | D:1      | Monsterracer the Naga Transmuter began the quest for the Orb.
     0 | D:1      | Reached XP level 1. HP: 18/18 MP: 3/3
    91 | D:1      | Reached XP level 2. HP: 17/25 MP: 5/5
   836 | D:1      | Reached XP level 3. HP: 30/31 MP: 4/6
  1089 | D:1      | Learned a level 3 spell: Spider Form
  1317 | D:2      | Reached XP level 4. HP: 30/38 MP: 7/7
  1492 | D:2      | Gained mutation: Your muscles are strong. (Str +2) [potion of mutation]
  1492 | D:2      | Gained mutation: You are frail. (-10% HP) [potion of mutation]
  1492 | D:2      | Gained mutation: You have a pair of small horns on your head. [potion of mutation]
  1492 | D:2      | Gained mutation: You are partially covered in thin metallic scales. (AC +2) [potion of mutation]
  2028 | D:3      | Found an opulent altar of Gozag.
  2073 | D:3      | Found an ancient bone altar of Kikubaaqudgha.
  2465 | D:3      | Reached XP level 5. HP: 37/39 MP: 5/8
  2874 | D:4      | Reached XP level 6. HP: 35/45 MP: 9/9
  2956 | D:4      | Noticed Grinder
  2966 | D:4      | Slain by Grinder

Vault maps used:
D:1:      shiori_arrival_oz
D:2:      corexii_corridor_pit, minmay_pentomino_u4
D:3:      lemuel_zombie_altar_kikubaaqudgha, nicolae_gozag_seed_capital
D:4:      overflow_temple_1_default, first_bread, hangedman_decor_riveting,
          bloody_trog, uniq_grinder, uniq_robin

Skill      XL: |  1  2  3  4 |
---------------+-------------+-----
Transmutations | 3 4 |  4.9
Unarmed Combat | 4 |  4.5
Fighting       | |  1.0
Dodging        | |  1.6
Spellcasting   | |  2.0

Action                   |  1- 3 |  4- 6 || total
-------------------------+-------+-------++-------
Melee: Unarmed           |    86 |   143 ||   229
       Headbutt          |     9 |    20 ||    29
 Cast: Beastly Appendage |    10 |     2 ||    12
       Spider Form       |       |    11 ||    11
  Use: Potion            |     2 |     6 ||     8
 Stab: Sleeping          |       |     1 ||     1
  Eat: Chunk             |     1 |     5 ||     6
Armor: Robe              |     7 |    37 ||    44
       Skin              |       |     4 ||     4
Dodge: Dodged            |    37 |   111 ||   148
